 Dungeon Crawl Stone Soup version 0.20.0-15-g7f486f2 (webtiles) character file.

327 anfisbena the Slasher (level 6, 0/32 HPs)
             Began as a Vine Stalker Fighter on June 22, 2017.
             Was an Elder of Uskayaw.
             Succumbed to a worker ant's poison
             ... on level 4 of the Dungeon.
             The game lasted 00:03:57 (3915 turns).

anfisbena the Slasher (Vine Stalker Fighter)        Turns: 3915, Time: 00:03:57

Health: 0/32       AC:  6    Str: 19      XL:     6   Next: 50%
Magic:  3/7        EV:  8    Int: 15      God:    Uskayaw [****..]
Gold:   163        SH:  9    Dex: 13 (15) Spells: 5/5 levels left

rFire    + . .     SeeInvis .   a - +0 long sword
rCold    . . .     Gourm    .   c - +0 shield
rNeg     . . .     Faith    .   r - +3 leather armour {rF+}
rPois    .         Spirit   +   (no helmet)
rElec    .         Reflect  .   (no cloak)
rCorr    .         Harm     .   (no gloves)
MR       .....                  (no boots)
Stlth    +.........             (no amulet)
Regen    0.5/turn               (no ring)
MPRegen  0.1/turn               (no ring)

@: brilliant, lethally poisoned (0 -> -4), hasted, very quick
A: fangs 2, blurry vision 1, clever 1, regeneration 1, magic shield, antimagic
bite, no potion heal 3, rot immunity
a: Stomp, Line Pass, Renounce Religion


You were on level 4 of the Dungeon.
You worshipped Uskayaw.
Uskayaw was noncommittal.
You were not hungry.

You visited 2 branches of the dungeon, and saw 5 of its levels.

You collected 163 gold pieces.

Inventory:

Hand Weapons
 a - a +0 long sword (weapon)
Armour
 c - a +0 shield (worn)
 r - a +3 leather armour of fire resistance (worn)
 w - a +0 pair of gloves
Scrolls
 k - 7 scrolls of identify {unknown}
 m - a scroll of enchant armour {unknown}
 p - a scroll of blinking {unknown}
 u - a scroll of recharging {unknown}
 v - 2 scrolls of magic mapping {unknown}
Potions
 d - a potion of might
 e - a potion of mutation
 g - a potion of haste
 l - a potion of magic {unknown}
 n - a potion of invisibility {unknown}
 o - a potion of cancellation {unknown}
 q - a potion of degeneration {unknown}
 t - 2 potions of heal wounds
Comestibles
 f - 3 bread rations
 h - 6 fruits
 j - a meat ration
 s - a royal jelly


   Skills:
 - Level 2.6 Fighting
 + Level 6.1 Long Blades
 - Level 2.4 Armour
 - Level 2.6 Shields


You had 5 spell levels left.
You didn't know any spells.

Dungeon Overview and Level Annotations

Branches:
Dungeon (4/15)             Temple (1/1) D:4

Altars:
Cheibriados
Elyvilon
Fedhas
Hepliaklqana
Kikubaaqudgha
Makhleb
Nemelex Xobeh
Okawaru
Qazlal
Ru
Sif Muna
Uskayaw
Vehumet
Xom
Yredelemnul
Zin

Shops:
D:4 =

Annotations:
D:3 yogakurto's ghost, amateur VSCK


Innate Abilities, Weirdness & Mutations

You have extremely sharp teeth.
Your natural rate of healing is unusually fast.
When hurt, damage is shared between your health and your magic reserves.
Your bite disrupts and absorbs the magic of your enemies.
Potions cannot restore your health.
You are immune to rotting.
Scrolls take you a little longer to read.
Your mind is acute. (Int +2)


Message History

You feel sick. The worker ant barely misses you. The worker ant bites you.
* * * LOW HITPOINT WARNING * * *
You hit the worker ant but do no damage.
Your bite misses the worker ant.
The worker ant is severely wounded.
* * * LOW HITPOINT WARNING * * *
You feel sick. You block the worker ant's attack. x2
It was a potion of mutation.
You feel extremely strange.
Your vision blurs.
You feel clever.
* * * LOW HITPOINT WARNING * * *
You feel sick. The worker ant barely misses you.
It was a potion of haste.
You feel yourself speed up.
* * * LOW HITPOINT WARNING * * *
You feel sick.
The worker ant bites you but does no damage.
It was a potion of brilliance.
You feel clever all of a sudden.
* * * LOW HITPOINT WARNING * * *
You feel sick. The worker ant barely misses you.
You die...

.o. ### ... .. ..... #.#
.# ..... #..## ####.
####. .... .... # ...#.#
..# ...#.## ...#.#
#.##.......
...#.##########..#.......
>..#.....[.....#@#a......
...#..########.#..)..#
(..#..#### #.##).....#
...#.....# #.##...#..#
'###)###.# #.###..# ...
.....# # #.. ..# .
######## ### #.# .....[..
.. .# #..


There were no monsters in sight!

Vanquished Creatures
  A quasit (D:4)
  An orc wizard (D:4)
  2 orc priests (D:4)
  Ijyb (D:3)
  A worker ant (D:4)
  8 adders
  An ooze (D:1)
  A worm (D:3)
  5 leopard geckos
  4 orcs
  2 giant cockroaches (D:2)
  7 goblins
  7 hobgoblins
  3 jackals (D:1)
  6 kobolds
  3 quokkas
  3 ball pythons (D:1)
  8 bats
  2 frilled lizards (D:2)
  8 rats
74 creatures vanquished.

Notes
Turn   | Place    | Note
-------+----------+-------------------------------------------
     0 | D:1      | anfisbena the Vine Stalker Fighter began the quest for the Orb.
     0 | D:1      | Reached XP level 1. HP: 11/11 MP: 2/2
    73 | D:1      | Reached skill level 2 in Long Blades
   139 | D:1      | Reached XP level 2. HP: 16/16 MP: 3/3
   446 | D:1      | Reached skill level 3 in Long Blades
   446 | D:1      | Reached XP level 3. HP: 19/19 MP: 4/4
  1499 | D:2      | Gained mutation: Your natural rate of healing is unusually fast. [Vine Stalker growth]
  1499 | D:2      | Reached XP level 4. HP: 20/23 MP: 5/5
  1637 | D:2      | Reached skill level 4 in Long Blades
  1863 | D:2      | Found a blossoming altar of Fedhas.
  2194 | D:2      | Found a stormy altar of Qazlal.
  2533 | D:3      | Found an iron altar of Okawaru.
  2590 | D:3      | Reached XP level 5. HP: 22/27 MP: 6/6
  2914 | D:3      | Noticed Ijyb
  2952 | D:3      | Killed Ijyb
  2952 | D:3      | Reached skill level 5 in Long Blades
  3222 | D:3      | Noticed yogakurto's ghost (amateur VSCK)
  3515 | D:4      | Found Ossorusa's Jewellery Boutique.
  3544 | D:4      | HP: 1/27 [orc priest/divine providence (7)]
  3550 | D:4      | Reached XP level 6. HP: 4/32 MP: 1/7
  3609 | D:4      | Found a staircase to the Ecumenical Temple.
  3624 | Temple   | Entered the Ecumenical Temple
  3698 | Temple   | Became a worshipper of Uskayaw the Reveler
  3855 | D:4      | Reached * piety under Uskayaw
  3858 | D:4      | Reached ** piety under Uskayaw
  3904 | D:4      | Reached *** piety under Uskayaw
  3905 | D:4      | Reached skill level 6 in Long Blades
  3907 | D:4      | Reached **** piety under Uskayaw
  3912 | D:4      | Gained mutation: Scrolls take you a little longer to read. [potion of mutation]
  3912 | D:4      | Gained mutation: Your mind is acute. (Int +2) [potion of mutation]
  3913 | D:4      | HP: 1/32 [poisoned by a worker ant]
  3915 | D:4      | Succumbed to a worker ant's poison

Skill      XL: |  1  2  3  4  5  6 |
---------------+-------------------+-----
Long Blades    | 2 3 4 5 6 |  6.1
Fighting       | |  2.6
Armour         | |  2.4
Shields        | |  2.6

Action                   |  1- 3 |  4- 6 || total
-------------------------+-------+-------++-------
Melee: Long sword        |   104 |   164 ||   268
       Bite              |    26 |    52 ||    78
  Use: Potion            |       |     3 ||     3
 Stab: Paralysed         |       |     1 ||     1
  Eat: Chunk             |     2 |     8 ||    10
Armor: Scale mail        |    53 |    38 ||    91
       Leather armour    |       |    53 ||    53
Dodge: Dodged            |    45 |    68 ||   113
Block: Shield            |    69 |    81 ||   150
       Rpst.: Long sword |    19 |    17 ||    36
